 Dungeon Crawl Stone Soup version 0.22-a0-407-gb098539 (webtiles) character file.

32 dstrtnsr the Chopper (level 3, 0/33 HPs)
             Began as a Hill Orc Berserker on May 9, 2018.
             Was a Follower of Trog.
             Succumbed to an adder's poison
             ... on level 2 of the Dungeon.
             The game lasted 00:00:32 (503 turns).

dstrtnsr the Chopper (Hill Orc Berserker)            Turns: 503, Time: 00:00:33

Health: 0/33       AC:  2    Str: 18    XL:     3   Next: 25%
Magic:  3/3        EV: 12    Int:  7    God:    Trog [*.....]
Gold:   18         SH:  0    Dex: 10    Spells: 2/2 levels left

rFire    . . .     SeeInvis .   a - +0 hand axe
rCold    . . .     Gourm    .   (no shield)
rNeg     . . .     Faith    .   b - +0 animal skin
rPois    .         Spirit   .   (no helmet)
rElec    .         Reflect  .   (no cloak)
rCorr    .         Harm     .   (no gloves)
MR       .....                  (no boots)
Stlth    +.........             (no amulet)
HPRegen  0.11/turn              (no ring)
MPRegen  0.08/turn              (no ring)

@: lethally poisoned (0 -> -2), berserk cooldown, slowed, very slow
A: weak 1, wild magic 1, evolution 1
a: Berserk, Renounce Religion


You were on level 2 of the Dungeon.
You worshipped Trog.
Trog was aware of your devotion.
You were not hungry.

You visited 1 branch of the dungeon, and saw 2 of its levels.

You collected 18 gold pieces.

Inventory:

Hand Weapons
 a - a +0 hand axe (weapon)
Armour
 b - a +0 animal skin (worn)
Scrolls
 e - a scroll of identify {unknown}
Comestibles
 d - 3 chunks of flesh


   Skills:
 + Level 4.2 Fighting
 * Level 5.2 Axes
 - Level 2.1 Armour
 - Level 1.5 Dodging


You had 2 spell levels left.
You didn't know any spells.

Dungeon Overview and Level Annotations

Branches:
Dungeon (2/15)

Altars:


Innate Abilities, Weirdness & Mutations

You are weak. (Str -2)
Your spells are a little harder to cast, but a little more powerful.
You evolve.


Message History

a club; a goblin corpse No target in view!
You butcher the goblin corpse.
d - 3 chunks of flesh (gained 2)
You see here a club. x2
A rat comes into view.
An adder comes into view.
There are monsters nearby!
The adder hisses angrily.
The rat misses you.
You hit the rat but do no damage. The rat bites you.
There are monsters nearby!
You hit the rat.
You kill the rat!
Trog accepts your kill.
An adder is nearby!
You closely miss the adder. The adder bites you.
You are poisoned.
The adder poisons you! The adder closely misses you.
You hit the adder.
The adder is moderately wounded.
You feel sick. The adder bites you.
You hit the adder.
The adder is almost dead.
You feel sick. The adder closely misses you.
You miss the adder.
The adder is almost dead.
The adder bites you. x2
You are lethally poisoned!
The adder poisons you!
You barely miss the adder.
The adder is almost dead.
You feel sick. The adder closely misses you.
There is a lethal amount of poison in your body!
You barely miss the adder.
The adder is almost dead.
You feel sick. The adder bites you.
* * * LOW HITPOINT WARNING * * *
There is a lethal amount of poison in your body!
You are too injured to fight recklessly!
There is a lethal amount of poison in your body!
You are too injured to fight recklessly!
Unknown command.
A red film seems to cover your vision as you go berserk!
You feel yourself moving faster!
You feel mighty!
You feel a lot more hungry.
You feel sick. The adder closely misses you. The adder barely misses you.
You closely miss the adder.
The adder is almost dead.
You barely miss the adder.
The adder is almost dead.
You feel sick. The adder bites you but does no damage.
You miss the adder.
The adder is almost dead.
The adder bites you.
* * * LOW HITPOINT WARNING * * *
Unknown command.
You are too berserk!
Unknown command.
You slash the adder!
You kill the adder!
Trog accepts your kill.
You have reached level 3!
Your experience leads to an increase in your attributes!
Your base attributes are Str 19, Int 7, Dex 10.
Increase (S)trength, (I)ntelligence, or (D)exterity?
You feel stronger.
You feel sick.
Unknown command.
You see here an adder corpse.
You feel a strong urge to attack something.
You are no longer berserk.
You are exhausted.
You feel yourself slow down.
* * * LOW HITPOINT WARNING * * *
You feel sick.
* * * LOW HITPOINT WARNING * * *
You feel sick.
* * * LOW HITPOINT WARNING * * *
You feel sick.
There is a lethal amount of poison in your body!
* * * LOW HITPOINT WARNING * * *
You feel sick.
There is a lethal amount of poison in your body!
It was a potion of mutation.
You feel extremely strange.
You feel less in control of your magic.
You feel weaker.
You feel nature experimenting on you.
Don't worry, failures die fast.
Unknown command.
* * * LOW HITPOINT WARNING * * *
You feel sick.
You aren't carrying any potions.
Unknown command.
Okay, then.
Okay, then.
* * * LOW HITPOINT WARNING * * *
You feel sick.
Unknown command.
* * * LOW HITPOINT WARNING * * *
You feel sick.
Unknown command.
You die...

### #.. ..# #.####### #.#
#.#.....######.#
###.#.........##.#
..#.....#.###.##.#
#.#.....#.# #.##.#
#.#.....#.###.##@#######
#...)...................
#.#.....#.###.##.#######
#.#.#####.# #.##.#####
^.#.# #.# #.##.†...#
#.#.#####.# #.##†....#
......÷...# #.##.....#
#.#.##..................
)...##...............##..


There were no monsters in sight!

Vanquished Creatures
  2 adders (D:2)
  4 goblins
  2 hobgoblins
  2 kobolds (D:1)
  A bat (D:1)
  A frilled lizard (D:2)
  3 rats
15 creatures vanquished.

Notes
Turn   | Place    | Note
-------+----------+-------------------------------------------
     0 | D:1      | dstrtnsr the Hill Orc Berserker began the quest for the Orb.
     0 | D:1      | Reached XP level 1. HP: 19/19 MP: 1/1
    31 | D:1      | Reached XP level 2. HP: 27/27 MP: 2/2
   454 | D:2      | Reached skill level 5 in Axes
   479 | D:2      | HP: 10/27 [poisoned by an adder]
   484 | D:2      | HP: 7/40 [adder (1)]
   485 | D:2      | Reached XP level 3. HP: 9/33 MP: 3/3
   489 | D:2      | HP: 4/33 [poisoned by an adder]
   494 | D:2      | Gained mutation: Your spells are a little harder to cast, but a little more powerful. [potion of mutation]
   494 | D:2      | Gained mutation: You are weak. (Str -2) [potion of mutation]
   494 | D:2      | Gained mutation: You evolve. [potion of mutation]
   495 | D:2      | HP: 2/33 [poisoned by an adder]
   500 | D:2      | HP: 1/33 [poisoned by an adder]
   503 | D:2      | Succumbed to an adder's poison

Vault maps used:
D:1:      shiori_arrival_elements, nrook_uturn
D:2:      nemelex_altar_shiori, lemuel_coloured_pillars_altar,
          old_standard_altar, minmay_pentomino_r2

Skill      XL: |  1  2 |
---------------+-------+-----
Fighting       | 4 |  4.2
Axes           | 5 |  5.2
Armour         | |  2.1
Dodging        | |  1.5

Action                   || total
-------------------------++-------
Melee: Hand axe          ||    37
Invok: Berserk           ||     2
  Use: Potion            ||     1
 Stab: Sleeping          ||     1
  Eat: Ration            ||     1
Armor: Animal skin       ||     3
Dodge: Dodged            ||    25

Table legend:
 A = Spawn XP
 B = Non-spawn XP
 C = Spawn XP percentage of total XP
 D = Spawn monster count
 E = Non-spawn monster count
 F = Spawn count percentage of total count
 G = Total turns spent on level
                    A         B        C        D         E        F      G
               +---------+---------+-------+---------+---------+-------+---------
         Total |       0 |      46 |   0.0 |       0 |      15 |   0.0 |   503
               +---------+---------+-------+---------+---------+-------+---------
           D:1 |       0 |      11 |   0.0 |       0 |       7 |   0.0 |    50
           D:2 |       0 |      35 |   0.0 |       0 |       8 |   0.0 |   453
               +---------+---------+-------+---------+---------+-------+---------
